Map: Rhoskallian LE

Players

qqq

  • Race: Zerg Zerg
  • Spawn Location: 12:00

Massa

  • Race: Terran Terran
  • League: Platinum
  • Spawn Location: 11:00

Azas - Winner!

  • Race: Protoss Protoss
  • Spawn Location: 6:00

IIIIIIIIII - Winner!

  • Race: Protoss Protoss
  • Spawn Location: 5:00

VOD

Have the link to the VOD?

Description

Time

  • Played on: March 15, 2021, 5:33 p.m.
  • Length: 11:49
Show
View Real Time Build Order
Export as new Build Order

qqq Zerg 

Build Orders: Hatch First 

Get SALT Encoding   

  13  0:14  Drone x2  
  13  0:19  Overlord  
  14  0:54  Hatchery  
  13  0:59  Drone x3  
  16  1:20  Extractor, Spawning Pool  
  16  1:23  Drone  
  15  1:28  Drone  
  16  1:32  Drone  
  17  1:43  Drone  
  18  1:58  Drone  
  19  2:07  Queen  
  21  2:15  Drone  
  22  2:24  Metabolic Boost  
  23  2:30  Drone x2  
  26  2:49  Queen  
  28  2:53  Overlord  
  28  2:55  Drone  
  27  3:09  Zergling x2  
  27  3:12  Spore Crawler  
  27  3:14  Spore Crawler  
  27  3:15  Overlord  
  26  3:22  Zergling x2  
  26  3:25  Zergling x2  
  28  3:27  Zergling x2  
  28  3:28  Hatchery  
  28  3:36  Zergling x2  
  28  3:39  Zergling x2  
  30  3:47  Drone x3  
  32  3:51  Drone  
  32  3:54  Drone  
  34  3:57  Overlord  
  34  4:01  Zergling x2  
  35  4:05  Zergling x2  
  36  4:15  Zergling x2  
  37  4:25  Overlord  
  37  4:39  Lair  
  37  4:40  Zergling x2  
  37  4:44  Drone  
  40  4:45  Zergling x2  
  40  4:49  Zergling x2  
  40  4:50  Zergling x2  
  42  4:59  Zergling x6  
  45  5:09  Zergling x4  
  47  5:16  Drone  
  43  5:33  Zergling x8  
  43  5:35  Drone x2  
  48  5:39  Queen  
  50  5:43  Extractor  
  50  5:45  Spire  
  47  6:09  Drone x2, Zergling x2  
  47  6:10  Drone x3  
  53  6:20  Drone x4  
  53  6:24  Extractor  
  53  6:25  Extractor  
  55  6:28  Drone  
  55  6:40  Drone x2  
  55  6:46  Drone  
  58  6:52  Drone  
  59  6:57  Mutalisk  
  59  6:59  Corruptor  
  63  7:06  Drone x2  
  63  7:07  Hatchery  
  63  7:08  Drone, Overlord  
  65  7:09  Overlord x2  
  65  7:19  Hatchery, Drone  
  65  7:20  Overlord  
  65  7:21  Overlord  
  65  7:23  Zerg Flyer Weapons Level 1  
  66  7:33  Mutalisk x2  
  66  7:36  Mutalisk  
  72  7:37  Corruptor  
  72  7:38  Drone x3  
  72  7:39  Drone x2  
  72  7:40  Drone x3  
  82  7:51  Infestation Pit  
  82  7:53  Spore Crawler  
  80  8:01  Mutalisk x2  
  80  8:02  Mutalisk  
  86  8:15  Mutalisk  
  86  8:17  Overlord x2  
  86  8:18  Drone x5  
  86  8:19  Drone x3  
  88  8:33  Mutalisk x2  
  89  8:35  Drone x4  
  94  8:44  Extractor x2  
  87  8:49  Spore Crawler  
  87  8:50  Spine Crawler  
  87  8:55  Queen  
  85  9:02  Mutalisk x2  
  87  9:03  Corruptor  
  87  9:05  Corruptor  
  87  9:06  Drone x4  
  87  9:07  Overlord  
  87  9:08  Zergling x2  
  100  9:24  Mutalisk  
  100  9:25  Mutalisk  
  100  9:31  Zerg Flyer Armor Level 1  
  104  9:41  Mutalisk  
  104  9:42  Corruptor  
  104  9:44  Drone x6, Overlord  
  104  9:45  Overlord x2  
  114  9:49  Mutalisk  
  107  10:10  Corruptor x3  
  107  10:13  Corruptor  
  107  10:14  Drone x2, Zergling x6  
  116  10:32  Drone x2, Zergling x4  
  116  10:35  Extractor x2  
  119  10:36  Drone  
  119  10:43  Corruptor x2  
  119  10:44  Corruptor  
  119  10:45  Zergling x2  
  119  10:46  Zergling x4, Overlord  
  119  10:47  Zergling x6  
  131  11:01  Mutalisk x3  
  131  11:03  Zergling x8  
  141  11:06  Hatchery  
  141  11:09  Mutalisk, Corruptor  
  140  11:11  Overlord  
  140  11:12  Drone  
  140  11:13  Corruptor  
Show
View Real Time Build Order
Export as new Build Order

Massa Terran 

Build Orders: 2 Factory 

Get SALT Encoding   

  12  0:00  SCV  
  13  0:13  SCV  
  14  0:22  Supply Depot  
  14  0:25  SCV  
  15  0:44  SCV  
  15  0:45  Barracks  
  16  0:56  Refinery, SCV  
  17  1:08  SCV  
  18  1:20  SCV  
  19  1:33  Command Center  
  19  1:39  Refinery  
  19  1:47  Supply Depot  
  19  1:57  Orbital Command  
  19  2:11  Factory  
  19  2:26  Factory  
  19  2:31  Barracks Tech Lab  
  19  2:34  SCV  
  20  2:44  Orbital Command  
  20  3:02  Barracks Tech Lab  
  20  3:03  Cyclone  
  23  3:06  SCV  
  23  3:12  SCV  
  25  3:25  Cyclone  
  28  3:27  SCV  
  28  3:28  SCV  
  30  3:35  Cyclone  
  30  3:40  SCV, Engineering Bay  
  34  3:52  Refinery  
  34  3:53  Refinery  
  34  3:54  SCV  
  34  3:55  SCV  
  36  3:57  Cyclone  
  39  4:13  Missile Turret  
  39  4:17  Missile Turret  
  39  4:18  Cyclone  
  42  4:24  Mag-Field Accelerator  
  42  4:29  SCV x2, Missile Turret  
  44  4:41  SCV  
  45  4:47  Supply Depot  
  45  4:51  Supply Depot  
  45  5:09  Cyclone x2  
  51  5:16  Supply Depot  
  51  5:20  Supply Depot  
  51  5:39  SCV x2  
  51  5:41  Cyclone, Supply Depot  
  56  5:44  Barracks Tech Lab  
  56  5:51  SCV  
  56  5:52  SCV  
  56  5:54  Barracks  
  56  5:56  Barracks  
  55  6:44  Barracks Reactor x2  
  55  6:51  Armory, Terran Infantry Weapons Level 1  
  55  6:53  Engineering Bay  
  55  6:58  Barracks  
  55  7:00  Barracks  
  62  7:15  Stimpack  
  55  7:21  Marine x3  
  55  7:22  Marine x2  
  60  7:29  Command Center  
  60  7:39  Marine x5  
  65  7:47  Command Center  
  50  8:13  Barracks Reactor, Barracks Tech Lab  
  50  8:14  Terran Infantry Armor Level 1  
  50  8:15  Terran Vehicle And Ship Armor Level 1  
  50  8:25  Barracks  
  50  8:26  Barracks  
  50  8:30  Factory  
  50  8:35  Concussive Shells  
  50  8:37  Thor x2  
  62  8:43  Marauder x2, Marine  
  67  8:54  Planetary Fortress  
  67  8:55  Combat Shield  
  67  8:56  SCV  
  68  9:13  Orbital Command  
  68  9:14  SCV x2  
  70  9:20  Thor  
  76  9:26  SCV  
  76  9:27  SCV  
  78  9:35  Barracks Reactor, Barracks Tech Lab, Factory Tech Lab  
  78  9:38  SCV  
  78  9:39  SCV x3  
  82  9:51  SCV x4  
  86  10:03  SCV  
  84  10:31  SCV x3  
  84  10:32  SCV  
  85  10:40  Missile Turret  
  85  10:41  Missile Turret x3  
  85  10:42  Missile Turret  
  85  10:43  SCV  
  85  10:44  Missile Turret  
  85  10:45  Thor  
  85  10:46  Thor x2  
  85  10:47  Marauder x2, Marine  
  85  10:48  Marauder, Marine x4  
  85  10:49  Marine  
  116  10:57  Supply Depot  
  116  11:00  Supply Depot  
  116  11:02  Supply Depot  
  116  11:04  Missile Turret  
  116  11:07  Missile Turret  
  116  11:18  Marine x2  
  116  11:20  Starport  
  116  11:24  Marine x9  
Show
View Real Time Build Order
Export as new Build Order

Azas Protoss - Winner!

Build Orders: 1 Gate Expand, Oracle Opening, Carriers, Carrier Rush 

Get SALT Encoding   

  12  0:00  Probe  
  13  0:12  Probe  
  14  0:19  Pylon  
  14  0:24  Probe  
  15  0:37  Probe (Chrono Boost)  
  15  0:40  Gateway  
  16  0:46  Probe (Chrono Boost)  
  17  0:50  Assimilator  
  17  0:51  Probe  
  18  1:20  Nexus  
  18  1:31  Cybernetics Core  
  18  1:37  Assimilator  
  18  1:39  Probe  
  19  1:51  Probe  
  20  1:55  Pylon  
  20  2:03  Probe  
  23  2:16  Stargate  
  23  2:18  Probe (Chrono Boost)  
  24  2:29  Probe (Chrono Boost)  
  25  2:34  Probe x2 (Chrono Boost)  
  25  2:44  Probe (Chrono Boost)  
  25  2:50  Probe (Chrono Boost)  
  27  2:53  Probe (Chrono Boost)  
  27  2:57  Oracle (Chrono Boost)  
  28  2:58  Probe x2 (Chrono Boost)  
  33  3:10  Probe  
  33  3:11  Probe  
  35  3:17  Nexus  
  35  3:22  Probe (Chrono Boost)  
  37  3:28  Probe (Chrono Boost)  
  37  3:29  Assimilator  
  37  3:33  Probe (Chrono Boost)  
  38  3:37  Probe (Chrono Boost), Assimilator  
  38  3:38  Probe (Chrono Boost)  
  40  3:47  Probe (Chrono Boost)  
  41  3:52  Probe (Chrono Boost), Fleet Beacon  
  44  4:04  Probe (Chrono Boost)  
  44  4:05  Probe (Chrono Boost)  
  44  4:10  Pylon  
  44  4:11  Probe (Chrono Boost)  
  44  4:12  Probe (Chrono Boost)  
  44  4:13  Pylon  
  46  4:22  Stargate  
  46  4:24  Stargate  
  46  4:28  Probe  
  46  4:31  Shield Battery  
  48  4:45  Probe  
  54  4:48  Probe  
  54  4:49  Probe, Carrier (Chrono Boost)  
  55  5:02  Protoss Air Weapons Level 1  
  58  5:14  Pylon  
  62  5:15  Pylon  
  62  5:21  Void Ray (Chrono Boost)  
  62  5:22  Void Ray (Chrono Boost)  
  62  5:34  Pylon  
  62  5:37  Pylon  
  62  5:47  Nexus  
  62  5:52  Probe x2, Pylon  
  70  5:59  Carrier (Chrono Boost)  
  70  6:04  Probe x2, Void Ray x2 (Chrono Boost)  
  71  6:19  Probe  
  71  6:22  Pylon  
  71  6:33  Pylon  
  71  6:35  Pylon, Void Ray (Chrono Boost)  
  71  6:36  Void Ray (Chrono Boost)  
  79  6:49  Pylon  
  79  6:50  Pylon  
  79  6:56  Carrier (Chrono Boost)  
  79  7:01  Nexus  
  85  7:02  Pylon  
  85  7:05  Pylon  
  85  7:06  Probe  
  86  7:22  Shield Battery  
  86  7:24  Probe x2  
  88  7:31  Carrier  
  88  7:33  Carrier  
  88  7:36  Probe  
  101  7:42  Probe  
  102  7:48  Probe  
  102  7:49  Pylon  
  103  7:54  Probe  
  104  8:00  Probe  
  105  8:09  Nexus  
  105  8:10  Protoss Air Weapons Level 2  
  105  8:11  Pylon  
  105  8:18  Carrier (Chrono Boost)  
  111  8:35  Stalker  
  111  8:40  Probe  
  111  8:41  Carrier (Chrono Boost)  
  116  9:02  Carrier (Chrono Boost)  
  116  9:03  Probe x2  
  124  9:15  Probe x2  
  126  9:21  Probe  
  127  9:27  Probe, Void Ray (Chrono Boost)  
  138  9:47  Probe x2  
  138  9:48  Carrier (Chrono Boost)  
  138  9:49  Assimilator x2  
  140  9:57  Nexus  
  140  10:09  Void Ray x2  
  140  10:16  Probe  
  140  10:17  Probe x2  
  151  10:29  Pylon  
  151  10:39  Pylon, Void Ray  
  155  10:55  Void Ray x2  
  163  11:06  Stargate  
  163  11:09  Stargate  
Show
View Real Time Build Order
Export as new Build Order

IIIIIIIIII Protoss - Winner!

Build Orders: Phoenix Opening 

Get SALT Encoding   

  12  0:00  Probe  
  13  0:16  Pylon  
  13  0:18  Probe  
  14  0:30  Probe (Chrono Boost)  
  15  0:38  Gateway  
  16  0:44  Probe (Chrono Boost)  
  16  0:51  Assimilator  
  16  0:55  Probe  
  17  1:01  Assimilator  
  16  1:07  Probe  
  17  1:16  Gateway  
  17  1:19  Probe  
  18  1:28  Zealot  
  18  1:31  Probe  
  21  1:43  Cybernetics Core  
  21  1:52  Pylon  
  21  1:54  Probe (Chrono Boost)  
  22  2:06  Probe (Chrono Boost)  
  23  2:13  Probe (Chrono Boost)  
  23  2:18  Warp Gate (Chrono Boost)  
  23  2:19  Adept x2  
  27  2:23  Probe  
  28  2:54  Nexus  
  28  3:06  Pylon  
  28  3:08  Probe  
  29  3:15  Sentry  
  31  3:24  Probe  
  32  3:31  Shield Battery  
  32  3:36  Probe  
  33  3:42  Robotics Facility  
  33  3:49  Probe  
  34  3:55  Phoenix  
  34  4:01  Probe  
  35  4:06  Probe  
  36  4:12  Assimilator  
  36  4:13  Probe  
  37  4:19  Probe  
  38  4:25  Probe  
  38  4:31  Probe, Robotics Bay  
  40  4:37  Probe  
  40  4:38  Adept x2  
  45  4:43  Probe  
  46  4:49  Probe  
  46  4:52  Immortal (Chrono Boost)  
  47  4:55  Probe  
  52  5:01  Probe  
  53  5:07  Probe  
  53  5:11  Pylon, Robotics Facility  
  54  5:14  Shield Battery  
  54  5:22  Robotics Facility  
  54  5:23  Pylon  
  54  5:29  Probe x2  
  54  5:35  Pylon, Sentry x2  
  60  5:42  Immortal  
  64  5:47  Probe  
  65  5:58  Probe  
  65  6:00  Probe, Assimilator  
  67  6:09  Extended Thermal Lance (Chrono Boost)  
  67  6:11  Probe, Colossus (Chrono Boost)  
  73  6:13  Probe  
  75  6:23  Probe, Pylon  
  76  6:25  Probe  
  76  6:26  Pylon  
  76  6:28  Shield Battery  
  77  6:35  Probe  
  78  6:41  Probe  
  78  6:44  Sentry  
  81  6:48  Probe  
  81  6:50  Gateway  
  81  6:53  Probe  
  89  6:57  Pylon  
  89  7:00  Probe  
  90  7:03  Pylon  
  90  7:06  Pylon x2  
  90  7:12  Colossus (Chrono Boost)  
  96  7:19  Pylon  
  96  7:23  Probe  
  96  7:27  Probe, Twilight Council  
  96  7:29  Gateway  
  98  7:42  Probe  
  98  7:43  Probe  
  100  7:54  Probe, Gateway  
  100  7:57  Gateway  
  100  8:06  Nexus, Pylon  
  100  8:11  Charge (Chrono Boost)  
  100  8:13  Probe x2  
  102  8:20  Templar Archives  
  102  8:25  Probe x2  
  104  8:27  Zealot  
  104  8:29  Sentry x2  
  110  8:37  Probe x2  
  110  8:40  Psionic Storm  
  111  8:49  Probe x2  
  113  8:59  Shield Battery  
  113  9:00  High Templar x3  
  113  9:01  Probe, Forge  
  113  9:02  Probe, Shield Battery  
  121  9:13  Probe  
  121  9:14  Probe  
  121  9:17  Pylon  
  123  9:18  High Templar  
  123  9:19  Probe  
  123  9:21  Assimilator  
  126  9:24  Assimilator  
  126  9:26  Probe  
  126  9:35  Probe, Photon Cannon  
  126  9:38  Probe, Photon Cannon  
  128  9:42  Photon Cannon  
  128  9:50  Probe  
  129  9:59  Stalker x2  
  132  10:00  Stalker x3  
  125  10:12  Probe  
  125  10:13  Probe x2  
  127  10:22  Stalker  
  127  10:23  Stalker x3  
  135  10:29  Probe  
  135  10:31  Probe  
  135  10:32  Nexus  
  135  10:35  Pylon  
  137  10:38  Pylon  
  137  10:48  Gateway  
  137  10:50  Gateway  
  137  10:52  Gateway  
  137  10:53  High Templar x4  
  137  10:56  Pylon  
  145  11:06  Probe  
  146  11:14  Photon Cannon  
  146  11:16  Photon Cannon  
  146  11:19  Shield Battery  
  146  11:23  Photon Cannon  
  138  11:26  Stalker x4  
  138  11:27  Stalker  
  144  11:45  Stalker x2  
Tags
 
Add a new tag
Caveats
  • Supply blocks, unpowered buildings, or Contaminate may cause inaccurate times.
  • Supply counts are checked every 10 seconds.